 Dungeon Crawl Stone Soup version 0.27-a0-972-gd1521fd518 (webtiles) character file.

Game seed: 1767192221274197487

101 kae the Insei (level 4, -3/36 HPs)
             Began as a Draconian Transmuter on Apr 13, 2021.
             Slain by Crazy Yiuf
             ... wielding a +3 quarterstaff of chaos
              (6 damage)
             ... on level 3 of the Dungeon.
             The game lasted 00:01:20 (3125 turns).

kae the Insei (Draconian Transmuter)                Turns: 3125, Time: 00:01:21

Health: -3/36      AC:  2    Str: 12    XL:     4   Next: 48%
Magic:  4/7        EV: 19    Int: 14    God:
Gold:   88         SH:  0    Dex: 17    Spells: 3/7 levels left

rFire    . . .     SeeInvis .     - Unarmed
rCold    . . .     Faith    .   (shield currently unavailable)
rNeg     . . .     Spirit   .   (armour unavailable)
rPois    x         Reflect  .   (helmet currently unavailable)
rElec    .         Harm     .   (cloak currently unavailable)
rCorr    .         Rampage  .   (gloves currently unavailable)
Will     .....                  (boots currently unavailable)
Stlth    ++........             (no amulet)
HPRegen  0.12/turn              (no ring)
MPRegen  0.10/turn              (no ring)

@: lethally poisoned (-3 -> -16), spider-form (expiring)
A: venomous fangs, AC +5, tiny, unfitting armour, (cold-blooded)
a: End Transformation


You were on level 3 of the Dungeon.
You were a venomous arachnid creature.
You visited 1 branch of the dungeon, and saw 3 of its levels.

You collected 88 gold pieces.

Inventory:

Jewellery
 g - an amulet of faith
Scrolls
 d - a scroll of brand weapon
 e - a scroll of enchant weapon
 f - a scroll of identify
 h - 2 scrolls of teleportation {unknown}
 i - a scroll of summoning {unknown}
 j - a scroll of acquirement {unknown}
 k - a scroll of noise {unknown}
Potions
 a - a potion of heal wounds
 b - a potion of might
 c - 2 potions of curing
 l - a potion of brilliance {unknown}
 m - a potion of resistance {unknown}
 n - a potion of berserk rage {unknown}


   Skills:
 + Level 1.8 Fighting
 + Level 2.1 Dodging
 * Level 3.6 Unarmed Combat
 + Level 2.3 Spellcasting
 * Level 3.1 Transmutations
 * Level 1.1 Poison Magic


You had 3 spell levels left.
You knew the following spells:

 Your Spells              Type           Power      Damage    Failure   Level
a - Beastly Appendage     Tmut           20%        N/A       17%         1
b - Spider Form           Tmut/Pois      3%         N/A       50%         3

Your spell library contained the following spells:

 Spells                   Type           Power      Damage    Failure   Level
 Wereblood                Tmut           10%        N/A       24%         2
 Animate Skeleton         Necr           2%         N/A       45%         1
 Apportation              Tloc           2%         N/A       45%         1
 Corona                   Hex            1%         N/A       45%         1
 Pain                     Necr           4%         1d4       45%         1
 Summon Small Mammal      Summ           4%         N/A       45%         1
 Vampiric Draining        Necr           0%         2d6       77%         3
 Ice Form                 Ice/Tmut       6%         N/A       89%         4
 Hydra Form               Tmut           5%         N/A       95%         5
 Animate Dead             Necr           0%         N/A       98%         4
 Agony                    Necr           1%         N/A       100%        5


Dungeon Overview and Level Annotations

Branches:
Dungeon (3/15)

Altars:

Annotations:
D:3 Crazy Yiuf


Innate Abilities, Weirdness & Mutations

You are a venomous arachnid creature.
You have poisonous fangs.
You are tiny and dextrous.
Your spellcasting is less reliable in this form.
Your armour is entirely melded.
You are incapable of wielding weapons or throwing items.
((Your plain brown scales are hard. (AC +5)))
You cannot fit into any form of body armour.
((You are cold-blooded and may be slowed by cold attacks.))


Message History

No target in view!
Your transformation is almost over.
Found two maces.
Found a mace.
No target in view!
No target in view!
Your horns disappear.
Your talons disappear.
You see here a +0 mace.
Found a mace.
Found a runed translucent door.
Crazy Yiuf shouts!
You see here a +0 mace.
There is a stone staircase leading down here.
There is a stone staircase leading down here.
There is a stone staircase leading up here.
You see here a +0 ring mail.
Key pressed, stopping explore.
You see here a +0 mace.
Crazy Yiuf shouts!
Could not explore, unopened runed door.
Could not explore, unopened runed door.
Casting: Beastly Appendage (safe; 6% risk of failure)
Confirm with . or Enter, or press ? or * to list all spells.
The spell is quite dangerous to cast (28% risk of failure)!
Continue anyway? [Y]es or [N]o only, please.
The spell is quite dangerous to cast (28% risk of failure)!
Continue anyway?
You turn into a venomous arachnid creature.
You open the door. You hit Crazy Yiuf but do no damage.
Crazy Yiuf is poisoned.
Crazy Yiuf hits you with a +3 quarterstaff of chaos!
You are poisoned.
You barely miss Crazy Yiuf.
You feel very sick. Crazy Yiuf closely misses you.
You barely miss Crazy Yiuf.
Your transformation is almost over.
You feel very sick.
Crazy Yiuf hits you with a +3 quarterstaff of chaos!
* * * LOW HITPOINT WARNING * * *
Crazy Yiuf burns you.
You die...

.........#..#
.##...##.####
.##..>##.#
.##...##.###
#####
.##...#....#
#..)#
...........#
#...#
###...#....#
... #
#.#.##.###
#g#
###.#.##.#
♣♣s♣
.##.#)##.##
♣.♣♣
..#.#.##..##
♣♣.♣
....#.###..#
♣.♣♣
....#.##...#
♣♣.♣♣
#..........#
♣...♣♣
#.....)....#
♣.)).♣
#....###...#
#)...# ..#..#
##..####..###


You could see Crazy Yiuf (very poisoned).

Vanquished Creatures
  A hound zombie (D:2)
  2 adders
  3 worms
  A dart slug (D:2)
  8 bats
  2 endoplasms
  4 giant cockroaches
  6 hobgoblins
  7 kobolds
  3 quokkas
  8 ball pythons
  5 frilled lizards
  5 goblins
  A rat (D:1)
56 creatures vanquished.

Vanquished Creatures (others)
  4 toadstools (D:1)
4 creatures vanquished.

Grand Total: 60 creatures vanquished

Notes
Turn   | Place    | Note
-------+----------+-------------------------------------------
     0 | D:1      | kae the Draconian Transmuter began the quest for the Orb.
     0 | D:1      | Reached XP level 1. HP: 16/16 MP: 3/3
   186 | D:1      | Reached XP level 2. HP: 14/23 MP: 3/5
   418 | D:1      | Found a faded altar of an unknown god.
  1445 | D:2      | Reached XP level 3. HP: 23/28 MP: 4/6
  1455 | D:2      | Learned a level 3 spell: Spider Form
  1998 | D:2      | Reached XP level 4. HP: 28/35 MP: 5/7
  2292 | D:3      | Reached skill level 1 in Poison Magic
  2992 | D:3      | Found a runed translucent door.
  2993 | D:3      | Noticed Crazy Yiuf
  3125 | D:3      | Slain by Crazy Yiuf

Illustrated notes

Levels and vault maps discovered:
D:1:      ldierk_walled_garden_2, layout_basic, shapermc_ecumenical_altar_venn
D:2:      layout_basic, minmay_door_square
D:3:      layout_rooms, uniq_crazy_yiuf_cottage

Skill      XL: |  1  2  3  4 |
---------------+-------------+-----
Dodging        | 2 |  2.1
Transmutations | 3 |  3.1
Poison Magic   | 1 |  1.1
Fighting       | |  1.8
Unarmed Combat | |  3.6
Spellcasting   | |  2.3

Action                   |  1- 3 |  4- 6 || total
-------------------------+-------+-------++-------
Melee: Unarmed           |   114 |    42 ||   156
       Kick              |    14 |     3 ||    17
       Tailslap          |    10 |     1 ||    11
       Headbutt          |     8 |     6 ||    14
       Punch             |       |     1 ||     1
 Cast: Beastly Appendage |    26 |     8 ||    34
       Spider Form       |       |     2 ||     2
  Use: Scroll            |     2 |     3 ||     5
 Stab: Sleeping          |     1 |       ||     1
Armor: Skin              |    57 |    13 ||    70
Dodge: Dodged            |    94 |    26 ||   120

Table legend: (Time is in decaauts)
 A = Elapsed time spent in this place.
 B = Non-inter-level travel time spent in this place.
 C = Inter-level travel time spent in this place.
 D = Time resting spent in this place.
 E = Time spent auto-exploring this place.
 F = Levels seen in this place.
 G = Mean time per level.
                   A        B        C        D        E       F      G
               +--------+--------+--------+--------+--------+-----+--------+
         Total |   3118 |   3062 |     56 |      0 |   2655 |   3 | 1039.3 |
       Dungeon |   3118 |   3062 |     56 |      0 |   2655 |   3 | 1039.3 |
               +--------+--------+--------+--------+--------+-----+--------+

Top non-repeatable levels by time:
     D:1: 1349 daAuts
     D:3: 936 daAuts
     D:2: 832 daAuts
